 Dungeon Crawl Stone Soup version 0.26-b1-32-g5d43845318 (webtiles) character file.

Game seed: 4879702956216847771

596 Borgoz the Skirmisher (level 7, -1/60 HPs)
             Began as a Ghoul Gladiator on Jan 13, 2021.
             Slain by a shadow imp (2 damage)
             ... on level 5 of the Dungeon.
             The game lasted 00:03:50 (4021 turns).

Borgoz the Skirmisher (Ghoul Gladiator)             Turns: 4021, Time: 00:03:50

Health: -1/60      AC:  6    Str: 19    XL:     7   Next: 40%
Magic:  6/6        EV: 12    Int:  3    God:
Gold:   246        SH:  0    Dex: 11    Spells: 6/6 levels left

rFire    . . .     SeeInvis .   a - +0 flail
rCold    + . .     Faith    .   (no shield)
rNeg     + + +     Spirit   .   i - +0 ring mail
rPois    ∞         Reflect  .   c - +0 helmet
rElec    .         Harm     .   (no cloak)
rCorr    +         Rampage  .   (no gloves)
Will     .....                  (no boots)
Stlth    +.........             (no amulet)
HPRegen  0.00/turn              t - ring of resist corrosion (curse)
MPRegen  0.10/turn              (no ring)

@: very slightly contaminated, invisible
A: claws 1, cold resistance 1, negative energy resistance 3, inhibited
regeneration, torment resistance, unbreathing
a: no special abilities


You were on level 5 of the Dungeon.
You visited 1 branch of the dungeon, and saw 5 of its levels.

You collected 246 gold pieces.

Inventory:

Hand Weapons
 a - a +0 flail (weapon)
Missiles
 d - 4 throwing nets (quivered)
Armour
 c - a +0 helmet (worn)
 i - a +0 ring mail (worn)
Jewellery
 t - a cursed ring of resist corrosion (left claw)
Scrolls
 b - 2 scrolls of fog {unknown}
 f - 5 scrolls of remove curse
 g - 8 scrolls of teleportation {unknown}
 k - a scroll of enchant weapon {unknown}
 m - a scroll of noise {unknown}
 p - 3 scrolls of amnesia {unknown}
 u - 2 scrolls of fear {unknown}
Potions
 e - 2 potions of flight {unknown}
 j - 2 potions of might
 l - a potion of cancellation
 o - a potion of lignification
 q - a potion of magic


   Skills:
 * Level 4.7 Fighting
 * Level 4.4 Maces & Flails
 - Level 1.7 Throwing
 * Level 3.2 Armour
 * Level 4.4 Dodging


You had 6 spell levels left.
You didn't know any spells.
Your spell library was empty.

Dungeon Overview and Level Annotations

Branches:
Dungeon (5/15)
 Temple: D:4-7

Altars:
Makhleb
Nemelex Xobeh

Shops:
D:5 :


Innate Abilities, Weirdness & Mutations

You thrive by killing the living.
You are immune to poison.
You have sharp fingernails.
Your flesh is cold resistant. (rC+)
You are immune to negative energy. (rN+++)
You do not regenerate when monsters are visible.
You are immune to unholy pain and torment.
You can survive without breathing.


Message History

The giant cockroach barely misses you.
The shadow imp picks up a beetle and eats it.
The giant cockroach closely misses you.
The centaur wields a +0 shortbow.
The centaur shoots an arrow.
The arrow hits the shadow imp! 2 orcs come into view.
The orc shouts!
You hear a shout!
An orc comes into view. It is wielding a +0 hand axe.
The centaur shoots an arrow.
The arrow completely misses the shadow imp.
The arrow misses you.
The orc shouts! x2
An orc priest comes into view.
There is a stone staircase leading up here.
The orc shouts!
The orc priest shouts!
The centaur shoots an arrow.
The arrow barely misses the shadow imp.
The arrow hits you.
* * * LOW HITPOINT WARNING * * *
The shadow imp hits you.
You die...

#.......(# ###.
##.....(.(## #.. #
##......(...# #.##### .
#........(..# ##.#....
..#...B.(.....###....###
⌠.⌠...c5......##...###
.∩.................#
⌠.⌠.#..5........####
..#....@......###
#...#....##.############
.......(...... ........#
#...o.o###..............
....o#. ...##...#####.#
####... .. ## #.# o.#.
#.# .. #. #.# #.#


You could see a centaur, 2 shadow imps, 4 orcs and a giant cockroach.

Vanquished Creatures
  Eustachio (D:4)
  An ogre (D:3)
  A phantom (D:4)
  A scorpion (D:4)
  A howler monkey (D:3)
  2 bullfrog skeletons
  An orc wizard (D:4)
  A worker ant (D:4)
  2 adders (D:2)
  A worm (D:3)
  A dart slug (D:2)
  5 leopard geckos
  6 orcs
  6 bats
  4 giant cockroaches
  7 goblins
  8 hobgoblins
  10 kobolds
  A quokka (D:2)
  3 frilled lizards
  A quokka skeleton (D:4)
  7 rats
71 creatures vanquished.

Notes
Turn   | Place    | Note
-------+----------+-------------------------------------------
     0 | D:1      | Borgoz the Ghoul Gladiator began the quest for the Orb.
     0 | D:1      | Reached XP level 1. HP: 17/17 MP: 0/0
   217 | D:1      | Reached XP level 2. HP: 25/25 MP: 1/1
   706 | D:2      | Reached XP level 3. HP: 24/30 MP: 2/2
   708 | D:2      | Reached skill level 1 in Armour
   852 | D:2      | Found a burning altar of Makhleb.
  1417 | D:3      | Reached XP level 4. HP: 36/38 MP: 3/3
  1886 | D:3      | Reached XP level 5. HP: 37/45 MP: 4/4
  2188 | D:3      | Noticed an ogre
  2194 | D:3      | Killed an ogre
  2195 | D:3      | Reached XP level 6. HP: 37/52 MP: 5/5
  2881 | D:4      | Noticed Eustachio
  3378 | D:4      | Killed Eustachio
  3480 | D:4      | Noticed a phantom
  3490 | D:4      | Reached XP level 7. HP: 53/60 MP: 6/6
  3873 | D:4      | Found a sparkling altar of Nemelex Xobeh.
  3939 | D:5      | Entered Level 5 of the Dungeon
  4006 | D:5      | Found Jaferi's Book Emporium.
  4021 | D:5      | HP: 1/60 [centaur/arrow (3)]
  4021 | D:5      | Slain by a shadow imp

Illustrated notes

Levels and vault maps discovered:
D:1:      minmay_arrival_hallway, layout_loops_cross
D:2:      layout_loops_cross, lemuel_crystal_altar
D:3:      layout_loops_ring, minmay_misc_feat_five
D:4:      layout_rooms, serial_glass, glass_columns_a, glass_columns_b,
          nemelex_xobeh_ov_fountains_minmay, uniq_eustachio
D:5:      layout_rooms, serial_shops, shop_fountains, shop,
          kennysheep_little_box, shop_statue

Skill      XL: |  1  2  3  4  5  6  7 |
---------------+----------------------+-----
Dodging        | 3 4 |  4.4
Maces & Flails | 3 4 |  4.4
Armour         | 1 2 3 |  3.2
Fighting       | 3 4 |  4.7
Throwing       | |  1.7

Action                   |  1- 3 |  4- 6 |  7- 9 || total
-------------------------+-------+-------+-------++-------
Melee: Flail             |   116 |   146 |    55 ||   317
  Use: Scroll            |     5 |     2 |     1 ||     8
       Potion            |       |     1 |     2 ||     3
 Stab: Invisible         |       |       |     1 ||     1
Armor: Leather armour    |     2 |       |       ||     2
       Ring mail         |    50 |    97 |    20 ||   167
Dodge: Dodged            |    81 |   128 |    52 ||   261
